 Dungeon Crawl Stone Soup version 0.17-a0-1863-g715b4b0 (webtiles) character file.

5520 nubinia the Covert (level 11, -20/61 HPs)
             Began as a Kobold Enchanter on Sept 19, 2015.
             Was a Believer of Sif Muna.
             Demolished by a hill giant
             ... wielding a +0 giant spiked club
              (37 damage)
             ... on level 9 of the Dungeon on Sept 20, 2015.
             The game lasted 01:22:15 (12397 turns).

nubinia the Covert (Kobold Enchanter)              Turns: 12397, Time: 01:22:15

Health: -20/61     AC:  5    Str:  8    XL:     11   Next: 1%
Magic:  11/18      EV: 20    Int: 15    God:    Sif Muna [**....]
Gold:   282        SH:  4    Dex: 17    Spells: 4 memorised, 9 levels left

rFire  . . .     SeeInvis .     a - +0 short sword (venom)
rCold  + . .     Clarity  .     L - +2 robe {rC+}
rNeg   . . .     SustAt   .     r - +0 buckler
rPois  .         Gourm    .     (no helmet)
rElec  .         Spirit   .     s - +0 cloak
rCorr  .         Warding  .     (no gloves)
rMut   .         Stasis   .     (no boots)
MR     .....                    (no amulet)
Stlth  ++++++....               N - ring of wizardry (curse)
                                H - +3 ring of slaying

@: not resistant to hostile enchantments, very stealthy
A: carnivore 3
a: Channel Energy, Forget Spell, Renounce Religion


You were on level 9 of the Dungeon.
You worshipped Sif Muna.
Sif Muna was pleased with you.
You were not hungry.

You visited 2 branches of the dungeon, and saw 10 of its levels.

You collected 282 gold pieces.

Inventory:

Hand weapons
 a - a +0 short sword of venom (weapon)
 b - a +2 mace of protection
 m - a +1 dagger
 B - a +0 blowgun
 C - a +2 flail of protection
 T - a +2 dagger of freezing
Missiles
 R - 87 poisoned needles
Armour
 k - a +2 robe
 r - a +0 buckler (worn)
 s - a +0 cloak (worn)
 x - a +2 robe
 D - a +3 leather armour
 L - a +2 robe of cold resistance (worn)
Jewellery
 e - a +1 ring of evasion
 p - a +6 ring of intelligence
 H - a +3 ring of slaying (left hand)
 N - a cursed ring of wizardry (right hand)
Magical devices
 y - a wand of flame (13)
 F - a wand of paralysis (14)
 G - a wand of polymorph (15)
 P - a wand of cold (2)
 S - a wand of magic darts (23)
Scrolls
 h - 3 scrolls of teleportation
 i - 3 scrolls of enchant armour
 l - 2 scrolls of remove curse
 u - a scroll of immolation {unknown}
 v - a scroll of random uselessness
 w - a scroll of fog
 I - a scroll of blinking {unknown}
 J - a scroll of summoning {unknown}
 M - a scroll of amnesia
 Q - a scroll of recharging {unknown}
Potions
 g - a potion of invisibility
 j - 3 potions of brilliance
 o - a potion of experience {unknown}
 q - 2 potions of curing
 t - 2 potions of mutation
 z - 2 potions of cancellation
 A - a potion of haste
 K - a potion of agility
Books
 c - a book of Maledictions

   Spells                             Type                      Level
   a - Corona                         Hexes                        1
   b - Ensorcelled Hibernation        Hexes/Ice                    2
   c - Confuse                        Hexes                        3
   d - Tukima's Dance                 Hexes                        3
   e - Dazzling Spray                 Conjuration/Hexes            3
 E - the Compendium of Damaging Venom
   (You found it on level 5 of the Dungeon)

   Spells                             Type                      Level
   a - Mephitic Cloud                 Conjuration/Poison/Air       3
   b - Ignite Poison                  Fire/Transmutation/Poison    3
   c - Spider Form                    Transmutation/Poison         3
   d - Venom Bolt                     Conjuration/Poison           5
   e - Poisonous Cloud                Conjuration/Poison/Air       6
 O - a book of Envenomations

   Spells                             Type                      Level
   a - Spider Form                    Transmutation/Poison         3
   b - Alistair's Intoxication        Transmutation/Poison         4
   c - Olgreb's Toxic Radiance        Poison                       4
   d - Poisonous Cloud                Conjuration/Poison/Air       6
Miscellaneous
 U - a phial of floods
Comestibles
 d - 3 meat rations
 f - 2 slices of pizza
 n - 4 beef jerkies


   Skills:
 + Level 4.0 Fighting
 + Level 5.3 Short Blades
 - Level 1.2 Maces & Flails
 + Level 0.1 Armour
 + Level 8.6 Dodging
 + Level 11.5 Stealth
 + Level 0.2 Shields
 * Level 5.1 Spellcasting
 + Level 3.4 Conjurations
 * Level 6.4 Hexes
 + Level 0.8 Ice Magic
 * Level 2.9 Air Magic
 * Level 3.3 Poison Magic
 + Level 1.2 Invocations


You had 9 spell levels left.
You knew the following spells:

 Your Spells              Type           Power        Failure   Level  Hunger
b - Ensorcelled Hibernat  Hex/Ice        ##....       4%          2    ##.....
c - Mephitic Cloud        Conj/Pois/Air  ##......     10%         3    ###....
d - Dazzling Spray        Conj/Hex       ###.....     4%          3    ###....
e - Confuse               Hex            ###.....     3%          3    ###....


Dungeon Overview and Level Annotations

Branches:
Dungeon (9/15)             Temple (1/1) D:6
   Lair: D:8-11         Orc: D:9-12

Altars:
Ashenzari
Cheibriados
Dithmenos
Elyvilon
Fedhas
Gozag
Kikubaaqudgha
Makhleb
Nemelex Xobeh
Okawaru
Qazlal
Ru
Sif Muna
Trog
Vehumet
Xom
Yredelemnul
Zin
The Shining One

Annotations:
D:4 Grinder
D:5 Dowan, Duvessa
D:8 exclusion: 2 wights


Innate Abilities, Weirdness & Mutations

You are small and have problems with some larger weapons.
You are carnivorous and can eat meat at any time.


Message History

The ball explodes into a vile cloud!
The stinking cloud engulfs the hill giant.
The hill giant is lightly wounded.
The hill giant is engulfed in noxious fumes.
The hill giant appears confused.
The hill giant is engulfed in noxious fumes.
The hill giant is no longer blind.
The hill giant seems less confused.
The hill giant hits you with a giant spiked club!!
* * * LOW HITPOINT WARNING * * *
Casting: Mephitic Cloud
Confirm with . or Enter, or press ? or * to list all spells.
Aiming: Dazzling Spray
Press: ? - help, Shift-Dir - straight line, f/p - hill giant
Aim: a hill giant, wielding a giant spiked club (lightly wounded)
The spray of energy hits the hill giant.
The hill giant is lightly wounded.
The hill giant hits you with a giant spiked club!!!
Ouch! That really hurt!
You die...

#.......#?..#
#.......#...'
#########..####..##
#..##.###'#####.)##
#...'.............#
#...#...........[.'
#..###.###.##..####
#..###(###.##..####
#.@.............'..
#..C............#..
#.........##...###'
###.......##...#...
#..........#...#...
#.....8....#...#...
#..........#...'...
#..........'...#...
##.........#####...


You could see a hill giant.

Vanquished Creatures
  A polar bear (D:9)
  A troll (D:9)
  Prince Ribbit (D:7)
  A spriggan (D:7)
  Eustachio (D:5)
  2 hippogriffs
  Edmund (D:5)
  3 ice beasts
  4 sky beasts
  A black bear (D:9)
  A wasp (D:8)
  5 ogres
  5 centaurs
  A phantom (D:6)
  A gnoll sergeant (D:9)
  A wyvern zombie (D:6)
  A big kobold (D:9)
  3 giant frogs
  7 scorpions
  6 killer bees
  4 wights
  2 crimson imps
  An electric eel (D:9)
  A centaur zombie (D:7)
  7 orc wizards
  2 jellies
  A giant frog zombie (D:8)
  Crazy Yiuf (D:2)
  A giant frog skeleton (D:5)
  4 orc priests (D:7)
  A centaur skeleton (D:9)
  3 hounds
  Jessica (D:6)
  3 iguanas
  A quasit (D:9)
  3 worker ants
  A centaur simulacrum (D:9)
  13 adders
  10 gnolls
  2 white imps (D:9)
  3 shadow imps (D:9)
  An ooze (D:2)
  3 adder zombies
  A worm (D:3)
  5 giant geckos
  22 orcs
  4 ball pythons
  9 bats
  5 giant cockroaches
  3 goblins (D:1)
  6 hobgoblins
  18 jackals
  19 kobolds
  4 quokkas
  A giant gecko skeleton (D:4)
  8 giant newts
  A quokka skeleton (D:6)
  5 rats
227 creatures vanquished.

Vanquished Creatures (others)
  A big kobold (D:9)
1 creature vanquished.

Grand Total: 228 creatures vanquished

Notes
Turn   | Place    | Note
--------------------------------------------------------------
     0 | D:1      | nubinia the Kobold Enchanter began the quest for the Orb.
     0 | D:1      | Reached XP level 1. HP: 10/10 MP: 3/3
   196 | D:1      | Reached XP level 2. HP: 4/15 MP: 0/5
   924 | D:1      | Reached XP level 3. HP: 20/20 MP: 4/6
  1255 | D:2      | Found a blossoming altar of Fedhas.
  1319 | D:2      | Learned a level 2 spell: Ensorcelled Hibernation
  1323 | D:2      | Learned a level 3 spell: Confuse
  1432 | D:2      | Found an iron altar of Okawaru.
  1569 | D:2      | Reached XP level 4. HP: 24/24 MP: 7/7
  1625 | D:2      | Found a sacrificial altar of Ru.
  1685 | D:2      | Noticed Crazy Yiuf
  1708 | D:2      | Killed Crazy Yiuf
  1708 | D:2      | Reached skill level 5 in Stealth
  2459 | D:3      | Reached XP level 5. HP: 28/28 MP: 7/9
  2652 | D:3      | Found a burning altar of Makhleb.
  2654 | D:3      | Reached skill level 6 in Stealth
  2818 | D:3      | Reached skill level 1 in Fighting
  3552 | D:4      | Found an ancient bone altar of Kikubaaqudgha.
  3580 | D:4      | Noticed Grinder
  3595 | D:4      | Reached XP level 6. HP: 22/34 MP: 10/10
  3906 | D:4      | Found a basalt altar of Yredelemnul.
  4030 | D:4      | Found a shattered altar of Ashenzari.
  4337 | D:4      | Found a glowing silver altar of Zin.
  4506 | D:4      | Noticed an ogre
  4516 | D:4      | Killed an ogre
  4516 | D:4      | Reached skill level 7 in Stealth
  4516 | D:4      | Reached XP level 7. HP: 37/39 MP: 11/11
  4560 | D:4      | Found a glowing golden altar of the Shining One.
  4578 | D:5      | Entered Level 5 of the Dungeon
  4658 | D:5      | Noticed Duvessa
  4730 | D:5      | Noticed Dowan
  4730 | D:5      | Noticed Edmund
  5132 | D:5      | Noticed Eustachio
  5134 | D:5      | Upgraded the game from 0.17-a0-1850-g688e747 to 0.17-a0-1863-g715b4b0
  5158 | D:5      | Reached skill level 5 in Dodging
  5158 | D:5      | Reached skill level 8 in Stealth
  5303 | D:5      | Killed Edmund
  5303 | D:5      | Reached XP level 8. HP: 42/45 MP: 6/12
  5321 | D:5      | Killed Eustachio
  5321 | D:5      | Reached skill level 9 in Stealth
  5463 | D:5      | Identified the Compendium of Damaging Venom
  5468 | D:5      | Learned a level 3 spell: Dazzling Spray
  5783 | D:6      | Found a radiant altar of Vehumet.
  5814 | D:6      | Found a staircase to the Ecumenical Temple.
  5821 | Temple   | Entered the Ecumenical Temple
  6308 | D:5      | Reached skill level 1 in Conjurations
  6416 | D:5      | Reached skill level 10 in Stealth
  6416 | D:5      | Reached XP level 9. HP: 49/49 MP: 8/14
  7047 | D:6      | Noticed an air elemental
  7051 | D:6      | Found a stormy altar of Qazlal.
  7104 | D:6      | Noticed Jessica
  7115 | D:6      | Killed Jessica
  7134 | D:6      | Found a deep blue altar of Sif Muna.
  7142 | D:6      | Became a worshipper of Sif Muna the Loreminder
  7389 | D:6      | Reached skill level 5 in Hexes
  7597 | D:7      | Noticed Prince Ribbit
  7605 | D:7      | Killed Prince Ribbit
  8305 | D:7      | Found a white marble altar of Elyvilon.
  8339 | D:7      | Learned a level 3 spell: Mephitic Cloud
  8566 | D:7      | Reached skill level 1 in Maces & Flails
  8872 | D:8      | Reached XP level 10. HP: 56/56 MP: 12/16
  8904 | D:8      | Acquired Sif Muna's first power
  8906 | D:8      | Reached skill level 11 in Stealth
  9161 | D:8      | Reached skill level 1 in Air Magic
  9161 | D:8      | Reached skill level 1 in Poison Magic
  9170 | D:8      | Found a shadowy altar of Dithmenos.
  9995 | D:9      | Reached skill level 5 in Short Blades
 10875 | D:9      | Acquired Sif Muna's second power
 11681 | D:9      | Reached skill level 1 in Invocations
 11843 | D:9      | Reached skill level 5 in Spellcasting
 12229 | D:9      | HP: 2/56 [troll (13)]
 12231 | D:9      | Reached XP level 11. HP: 3/61 MP: 3/18
 12380 | D:9      | Noticed a hill giant
 12397 | D:9      | Demolished by a hill giant

Vault maps used:
D:1:      scummos_arrival_simple_fountains, serial_bayou_pond_c
D:2:      old_standard_altar, fedhas_altar_4, nicolae_ru_the_path_less_chosen,
          uniq_crazy_yiuf_cottage
D:3:      bloody_makhleb
D:4:      lemuel_doored_altar, tso_altar, kennysheep_mini_moat,
          cheibrodos_ashenzari_chains, old_standard_altar, uniq_grinder
D:5:      first_bread, uniq_duvessa, uniq_edmund, uniq_eustachio
D:6:      nicolae_overflow_crystal_walls, tgw_sif, temple_fountains,
          serial_park_tiny_pond, nicolae_qazlal_style_of_elements
D:7:      lemuel_crystal_altar, the_bakery, uniq_prince_ribbit1
D:8:      hangedman_cross_stitches, nicolae_dithmenos_the_darkroom,
          serial_shops, shop
D:9:      serial_ice, serial_ice_l, serial_ice_c, serial_ice_h, serial_ice_d,
          hex_medium
Temple:   temple_island_7

Action                   |  1- 3 |  4- 6 |  7- 9 | 10-12 || total
-------------------------+-------+-------+-------+-------++-------
Melee: Dagger            |    48 |       |       |       ||    48
       Short sword       |    47 |   117 |   200 |   217 ||   581
       Mace              |       |       |    37 |    23 ||    60
 Fire: Blowgun           |       |       |       |     2 ||     2
 Cast: Corona            |    16 |    11 |     1 |       ||    28
       Confuse           |       |       |    15 |     1 ||    16
       Ensorcelled Hiber |       |       |     2 |       ||     2
       Dazzling Spray    |       |       |       |    61 ||    61
       Mephitic Cloud    |       |       |       |     8 ||     8
Invok: Channel Energy    |       |       |       |    14 ||    14
  Use: Scroll            |     4 |       |     5 |     5 ||    14
       Potion            |     1 |     1 |     1 |       ||     3
 Stab: Sleeping          |    12 |    15 |    27 |     6 ||    60
       Confused          |       |       |    11 |     5 ||    16
       Distracted        |       |       |     2 |       ||     2
       Invisible         |       |       |       |     8 ||     8
  Eat: Chunk             |     8 |     9 |    15 |    17 ||    49
